 Dungeon Crawl Stone Soup version 0.29-a0-321-gf1c400731a (webtiles) character file.

Game seed: 16646780538278591457

88 dianekeaton the Chopper (level 4, 0/39 HPs)
             Began as a Hill Orc Fighter on Apr 5, 2022.
             Succumbed to a gnoll's poison
             ... on level 2 of the Dungeon.
             The game lasted 00:04:26 (1713 turns).

dianekeaton the Chopper (Hill Orc Fighter)          Turns: 1713, Time: 00:04:27

Health: 0/39       AC:  9    Str: 20    XL:     4   Next: 54%
Magic:  4/4        EV:  7    Int:  8    God:
Gold:   43         SH:  4    Dex: 10    Spells: 3/3 levels left

rFire   . . .      SeeInvis .   a - +0 war axe
rCold   . . .      Faith    .   c - +0 buckler
rNeg    . . .      Spirit   .   j - +0 chain mail
rPois   .          Reflect  .   (no helmet)
rElec   .          Harm     .   (no cloak)
rCorr   .          Rampage  .   (no gloves)
Will    .....                   (no boots)
Stlth   ..........              (no amulet)
HPRegen 0.13/turn               (no ring)
MPRegen 0.09/turn               (no ring)

@: mighty, lethally poisoned (0 -> -14)
A: no striking features
a: no special abilities


You were on level 2 of the Dungeon.
You visited 1 branch of the dungeon, and saw 2 of its levels.

You collected 43 gold pieces.

Inventory:

Hand Weapons
 a - a +0 war axe (weapon)
Armour
 c - a +0 buckler (worn)
 j - a +0 chain mail (worn)
Jewellery
 h - a ring of magical power
Scrolls
 b - a scroll of identify {unknown}
 f - a scroll of brand weapon {unknown}
 g - a scroll of noise {unknown}
 i - 7 scrolls of teleportation {unknown}
 k - a scroll of fear {unknown}
Potions
 e - 2 potions of lignification {unknown}


   Skills:
 - Level 3.6 Fighting
 + Level 6.1 Axes
 - Level 3.2 Armour
 - Level 3.2 Shields


You had 3 spell levels left.
You didn't know any spells.
Your spell library was empty.

Dungeon Overview and Level Annotations

Branches:
Dungeon (2/15)

Altars:


Message History

The frilled lizard misses you.
The gnoll hits you from afar with a +0 spear.
The gnoll hits you with a +0 flail.
Your Axes skill increases to level 6!
You barely miss the frilled lizard.
The frilled lizard unfolds its giant frill.
The frilled lizard completely misses you.
You block the gnoll's attack.
You hit the frilled lizard.
You kill the frilled lizard!
The gnoll hits you but does no damage.
You are poisoned.
You see here a frilled lizard corpse.
You feel very mighty all of a sudden.
You feel sick. The gnoll hits you but does no damage.
The gnoll closely misses you.
You barely miss the gnoll.
You feel sick. The gnoll hits you with a +0 flail!
You block the gnoll's attack.
You slice the gnoll!!
You kill the gnoll!
You feel sick.
The gnoll hits you from afar with a +0 spear of venom.
You are more poisoned.
The gnoll closely misses you.
You feel sick. You block the gnoll's attack.
The gnoll hits you from afar with a +0 spear.
You see here a +0 flail.
You barely miss the gnoll.
You feel very sick. The gnoll hits you but does no damage.
You block the gnoll's attack.
You slash the gnoll!
The gnoll is severely wounded.
You feel sick.
The gnoll hits you with a +0 spear of venom.
* * * LOW HITPOINT WARNING * * *
You are more poisoned.
You block the gnoll's attack.
You slash the gnoll!
You kill the gnoll!
You die...

≈≈≈≈≈≈≈≈≈≈≈≈≈≈≈≈≈≈.#
≈≈≈≈≈≈###≈≈≈≈≈≈≈≈≈.#
≈≈≈.......##≈≈≈≈≈≈.#
....#)###.####≈≈≈≈.#
.##.#...#.# ####..#
†##.###.#.# # #..##
.##.....#.. .. #.##
.##..########. #†#
.##.........#. #@#
.###.######.#.##)#######
...#.# #..>..g.......
.#.#.# #.............
#.#.# ###.............
#.#.# ................
#.#.# ####...†........
##.#.# #............
.<...# #..........:.


You could see a gnoll.

Vanquished Creatures
  3 gnolls (D:2)
  2 adders (D:2)
  2 dart slugs
  A bat (D:2)
  4 endoplasms
  3 giant cockroaches
  5 goblins
  6 hobgoblins
  7 jackals (D:2)
  2 kobolds (D:1)
  3 ball pythons (D:1)
  3 frilled lizards
  A rat (D:1)
42 creatures vanquished.

Notes
Turn   | Place    | Note
-------+----------+-------------------------------------------
     0 | D:1      | dianekeaton the Hill Orc Fighter began the quest for the
                  | Orb.
     0 | D:1      | Reached XP level 1. HP: 19/19 MP: 1/1
    43 | D:1      | Reached skill level 3 in Axes
   250 | D:1      | Reached XP level 2. HP: 26/26 MP: 2/2
   397 | D:1      | Reached skill level 4 in Axes
   811 | D:2      | Reached XP level 3. HP: 31/31 MP: 3/3
   947 | D:2      | Reached skill level 5 in Axes
  1491 | D:2      | Reached XP level 4. HP: 33/39 MP: 4/4
  1701 | D:2      | Reached skill level 6 in Axes
  1713 | D:2      | Succumbed to a gnoll's poison

Illustrated notes

Levels and vault maps discovered:
D:1:      minmay_arrival_jagged, layout_loops_ring, chequers_arboretum
D:2:      wander_river, layout_basic, serial_curves, eino_curves_03,
          eino_curves_02, minivault_27

Skill      XL: |  1  2  3  4 |
---------------+-------------+-----
Axes           | 3 4 5 6 |  6.1
Fighting       | |  3.6
Armour         | |  3.2
Shields        | |  3.2

Action                   |  1- 3 |  4- 6 || total
-------------------------+-------+-------++-------
Melee: War axe           |    60 |    22 ||    82
  Use: Potion            |       |     1 ||     1
Armor: Scale mail        |     7 |       ||     7
       Chain mail        |    26 |    13 ||    39
Dodge: Dodged            |    28 |    10 ||    38
Block: Buckler           |    19 |    10 ||    29

Table legend: (Time is in decaauts)
 A = Elapsed time spent in this place.
 B = Non-inter-level travel time spent in this place.
 C = Inter-level travel time spent in this place.
 D = Time resting spent in this place.
 E = Time spent auto-exploring this place.
 F = Levels seen in this place.
 G = Mean time per level.
                   A        B        C        D        E       F      G
               +--------+--------+--------+--------+--------+-----+--------+
         Total |   1743 |   1677 |     66 |    128 |   1236 |   2 |  871.5 |
       Dungeon |   1743 |   1677 |     66 |    128 |   1236 |   2 |  871.5 |
               +--------+--------+--------+--------+--------+-----+--------+

Top non-repeatable levels by time:
     D:2: 930 daAuts
     D:1: 813 daAuts
